 Dungeon Crawl Stone Soup version 0.17-a0-764-gd40c196 (console) character file.

68 sose the Sneak (level 4, -2/30 HPs)
             Began as a Vampire Enchanter on Apr 23, 2015.
             Slain by a big kobold
             ... wielding a +0 short sword
              (4 damage)
             ... in a sewer.
             The game lasted 00:06:08 (1489 turns).

sose the Sneak (Vampire Enchanter)                  Turns: 1489, Time: 00:06:08

Health: -2/30      AC:  3    Str:  7    XL:     4   Next: 1%
Magic:  1/7        EV: 12    Int: 18    God:
Gold:   80         SH:  0    Dex: 14    Spells: 2 memorised, 4 levels left

rFire  . . .     SeeInvis +     a - +1 dagger
rCold  . . .     Clarity  .     b - +1 robe
rNeg   . . .     SustAb   .     (no shield)
rPois  .         Gourm    .     (no helmet)
rElec  .         Spirit   .     (no cloak)
rCorr  .         Warding  .     (no gloves)
rMut   .         Stasis   .     (no boots)
MR     .....                    (no amulet)
Stlth  ++++......               (no ring)
                                (no ring)

@: regenerating quickly, not resistant to hostile enchantments, stealthy
A: fangs 3, see invisible, unbreathing
a: no special abilities


You were in a sewer.
You were very full.

You visited 1 branch of the dungeon, and saw 3 of its levels.
You also visited: Sewer.

You collected 80 gold pieces.

Inventory:

Hand weapons
 a - a +1 dagger (weapon)
Armour
 b - a +1 robe (worn)
Scrolls
 f - 3 scrolls of identify {unknown}
 g - a scroll of teleportation {unknown}
 h - a scroll of fog {unknown}
 j - a scroll of amnesia {unknown}
 k - 8 scrolls of remove curse {unknown}
 l - a scroll of fear {unknown}
 o - a scroll of immolation {unknown}
Potions
 d - 4 potions of blood
 e - 3 potions of magic {unknown}
 i - 2 potions of heal wounds {unknown}
 m - a potion of flight {unknown}
 n - a potion of poison {unknown}
Books
 c - a book of Maledictions

   Spells                             Type                      Level
   a - Corona                         Hexes                        1
   b - Ensorcelled Hibernation        Hexes/Ice                    2
   c - Confuse                        Hexes                        3
   d - Tukima's Dance                 Hexes                        3
   e - Dazzling Spray                 Conjuration/Hexes            3


   Skills:
 - Level 1.1 Short Blades
 - Level 2.1 Dodging
 + Level 6.1 Stealth
 - Level 2.0 Spellcasting
 + Level 5.7 Hexes
 + Level 0.8 Ice Magic


You had 4 spell levels left.
You knew the following spells:

 Your Spells              Type           Power        Failure   Level  Hunger
a - Corona                Hex            ###....      1%          1    #......
b - Ensorcelled Hibernat  Hex/Ice        ##....       10%         2    ###....


Dungeon Overview and Level Annotations

Branches:
Dungeon (3/15)

Altars:
Nemelex Xobeh


Innate Abilities, Weirdness & Mutations

Your natural rate of healing is unusually fast.
You have razor-sharp teeth.
You have supernaturally acute eyesight.
You can survive without breathing.


Message History

Unknown command.
Unknown command.
You hit the big kobold. Your bite misses the big kobold.
The big kobold is moderately wounded.
The kobold hits you but does no damage.
You hit the big kobold.
The big kobold is moderately wounded.
The big kobold hits you with a short sword.
* * * LOW HITPOINT WARNING * * *
The kobold splashes around in the water.
You hit the big kobold but do no damage.
The big kobold is moderately wounded.
The big kobold splashes around in the water.
The kobold closely misses you.
You hit the big kobold.
The big kobold is heavily wounded.
The big kobold splashes around in the water.
You miss the kobold. The kobold hits you but does no damage.
The big kobold hits you with a short sword.
You die...

#≈.≈≈≈≈≈≈≈≈≈≈≈≈≈≈≈≈≈≈≈≈≈
#..≈≈≈..################
#..≈≈≈..# #.≈≈≈≈≈.#
#≈≈≈≈≈≈.# #≈≈≈≈≈≈.#
#.≈≈≈≈≈≈# #..≈≈≈K(#
#....≈K@# ####.#### ....
#...... ##....≈≈
##....≈. .#....##
#######


You could see a big kobold and a kobold.

Vanquished Creatures
  2 river rats (D:3)
  A giant gecko (D:1)
  6 bats
  6 giant cockroaches
  6 hobgoblins
  4 ball pythons (D:3)
  3 giant newts
  4 goblins
  8 kobolds
  8 rats
48 creatures vanquished.

Notes
Turn   | Place    | Note
--------------------------------------------------------------
     0 | D:1      | sose, the Vampire Enchanter, began the quest for the Orb.
     0 | D:1      | Reached XP level 1. HP: 13/13 MP: 3/3
   168 | D:1      | Reached skill level 5 in Stealth
   192 | D:1      | Reached XP level 2. HP: 7/19 MP: 5/5
   236 | D:1      | Learned a level 2 spell: Ensorcelled Hibernation
   539 | D:1      | Reached skill level 5 in Hexes
   786 | D:2      | Reached XP level 3. HP: 22/24 MP: 3/6
   983 | D:2      | Found a sparkling altar of Nemelex Xobeh.
  1274 | D:3      | Found a glowing drain.
  1333 | D:3      | Reached skill level 6 in Stealth
  1386 | Sewer    | Entered a sewer
  1401 | Sewer    | Reached XP level 4. HP: 27/30 MP: 7/7
  1461 | Sewer    | Noticed a big kobold
  1489 | Sewer    | Slain by a big kobold

Action                   |  1- 3 |  4- 6 || total
-------------------------+-------+-------++-------
Melee: Dagger            |   181 |    16 ||   197
 Cast: Ensorcelled Hiber |     7 |     4 ||    11
 Stab: Sleeping          |    14 |       ||    14
  Eat: Corpse            |    12 |     1 ||    13
